 Dungeon Crawl Stone Soup version 0.29-a0-383-g8b6f518c11 (webtiles) character file.

Game seed: 6313771554739900696

18193 KateP the Protected (level 12, -22/101 HPs)
             Began as a Minotaur Fighter on May 6, 2022.
             Was an Elder of Okawaru.
             Hit by a silver javelin thrown by a minotaur (29 damage)
             ... in a Gauntlet.
             The game lasted 00:26:45 (16840 turns).

KateP the Protected (Minotaur Fighter)             Turns: 16840, Time: 00:26:48

Health: -22/101    AC: -6    Str: 26    XL:     12   Next: 25%
Magic:  12/12      EV:  5    Int:  8    God:    Okawaru [****..]
Gold:   853        SH: 18    Dex: 16    Spells: 11/11 levels left

rFire   . . .      SeeInvis .   I - +6 hand axe (elec)
rCold   + . .      Faith    .   x - +0 tower shield
rNeg    + . .      Spirit   .   t - +2 plate armour {rN+}
rPois   .          Reflect  .   (helmet restricted)
rElec   .          Harm     .   g - +1 cloak
rCorr   .          Rampage  .   (no gloves)
Will    +....      NoTele   +   r - +0 pair of boots "Gagies" {Slay+2}
Stlth   ..........              (no amulet)
HPRegen 0.26/turn               u - ring "Hereiv Heuw" {Int+3 Dex+8 Slay+4}
MPRegen 0.13/turn               k - ring of willpower

@: corroded
A: horns 2, retaliatory headbutt, clumsy 1, cold resistance 1, frail 1, high MP
1
a: Renounce Religion, Heroism, Finesse


You were in a Gauntlet.
You worshipped Okawaru.
Okawaru was greatly pleased with you.
You visited 2 branches of the dungeon, and saw 14 of its levels.
You also visited: Gauntlet.

You collected 853 gold pieces.

Inventory:

Hand Weapons
 F - the +12 pair of quick blades "Gyre" and "Gimble" {protect}
   (You found it on level 6 of the Dungeon)

   It grants its wielder temporary protection when it strikes (+7 to AC).
 I - a +6 hand axe of electrocution (weapon)
Armour
 g - a +1 cloak (worn)
 h - a +1 kite shield of protection
 r - the +0 pair of boots "Gagies" (worn) {Slay+2}
   (You found it in a Gauntlet)

   Slay:      It affects your accuracy & damage with ranged weapons and melee
   (+2).
 t - a +2 plate armour of positive energy (worn)
 x - a +0 tower shield (worn)
Jewellery
 b - a +4 ring of evasion
 e - a +6 ring of intelligence
 k - a ring of willpower (right hand)
 u - the ring "Hereiv Heuw" (left hand) {Int+3 Dex+8 Slay+4}
   (You found it on level 4 of the Dungeon)

   [ring of slaying]

   Int:       It affects your intelligence (+3).
   Dex:       It affects your dexterity (+8).
   Slay:      It affects your accuracy & damage with ranged weapons and melee
   (+4).
 v - the amulet of Fojo {Reflect rF++ Regen+ SH+5}
   (You found it in a Gauntlet)

   [amulet of reflection]

   It reflects blocked missile attacks.
   rF:        It greatly protects you from fire.
   Regen:     It increases your rate of health regeneration.
   SH:        It affects your SH (+5).
 E - a ring of protection from fire
 H - a ring of protection from fire
Scrolls
 a - a scroll of blinking
 c - a scroll of silence
 m - 3 scrolls of magic mapping
 n - 11 scrolls of identify
 o - 2 scrolls of fog
 s - 8 scrolls of teleportation
Potions
 d - a potion of ambrosia
 f - 3 potions of curing
 i - 3 potions of magic
 l - a potion of brilliance
 p - 3 potions of heal wounds
 q - a potion of resistance
 w - a potion of cancellation
Miscellaneous
 j - a piece from Xom's chessboard (15/15)


   Skills:
 + Level 12.7 Fighting
 + Level 12.4 Axes
 + Level 12.7 Armour
 + Level 12.7 Shields


You had 11 spell levels left.
You didn't know any spells.
Your spell library contained the following spells:

 Spells                   Type           Power      Damage    Failure   Level
 Freeze                   Ice            0%         1d3       100%        1
 Slow                     Hex            0%         N/A       100%        1
 Blink                    Tloc           0%         N/A       100%        2
 Confusing Touch          Hex            0%         N/A       100%        3
 Frozen Ramparts          Ice            0%         1d2       100%        3
 Gell's Gravitas          Tloc           0%         N/A       100%        3
 Lesser Beckoning         Tloc           0%         N/A       100%        3
 Ozocubu's Armour         Ice            0%         N/A       100%        3
 Teleport Other           Tloc           0%         N/A       100%        3
 Vampiric Draining        Necr           0%         2d6       100%        3
 Hailstorm                Conj/Ice       0%         3d3       100%        4
 Petrify                  Tmut/Erth      0%         N/A       100%        4
 Manifold Assault         Tloc           0%         N/A       100%        5
 Metabolic Englaciation   Hex/Ice        0%         N/A       100%        5
 Statue Form              Tmut/Erth      0%         N/A       100%        6
 Ozocubu's Refrigeration  Ice            0%         4d5       100%        7
 Storm Form               Tmut/Air       0%         N/A       100%        7


Dungeon Overview and Level Annotations

Branches:
Dungeon (13/15)            Temple (1/1) D:6            Lair (0/6) D:9
    Orc (0/2) D:10        Gauntlet (1/1)
 Vaults: D:13-14

Altars:
Ashenzari
Cheibriados
Dithmenos
Elyvilon
Fedhas
Gozag
Hepliaklqana
Kikubaaqudgha
Makhleb
Nemelex Xobeh
Okawaru
Qazlal
Ru
Sif Muna
Trog
Uskayaw
Vehumet
Wu Jian
Xom
Yredelemnul
Zin
The Shining One

Shops:
D:9 [

Annotations:
Gauntlet 6 transporters


Innate Abilities, Weirdness & Mutations

You have a pair of horns on your head.
You reflexively headbutt those who attack you in melee.
You are clumsy. (Dex -2)
Your flesh is cold resistant. (rC+)
You are frail. (-10% HP)
You have an increased reservoir of magic. (+10% MP)


Message History

The entropy weaver casts a spell at you.
The entropic weave corrodes you!
The entropy weaver gestures at you while chanting.
The entropic weave corrodes you!
You hit the entropy weaver but do no damage.
The entropy weaver is severely wounded.
The entropy weaver points at you and mumbles some strange words.
The entropic weave corrodes you!
You hit the entropy weaver but do no damage.
The entropy weaver is severely wounded.
The entropy weaver hits you! You block the entropy weaver's attack.
The entropy weaver hits you!
* * * LOW HITPOINT WARNING * * *
The entropy weaver hits you.
* * * LOW HITPOINT WARNING * * *
The entropy weaver casts a spell at you.
The entropic weave corrodes you!
The entropy weaver points at you and mumbles some strange words.
The entropic weave corrodes you!
The death scarab waves its antennae.
v - the amulet of Fojo {Reflect rF++ Regen+ SH+5}
There are no items here.
There is a transporter here.
You enter the transporter and appear at another place.
The entropy weaver hits you!
* * * LOW HITPOINT WARNING * * *
You block the entropy weaver's attack. The entropy weaver hits you.
* * * LOW HITPOINT WARNING * * *
The entropy weaver hits you.
* * * LOW HITPOINT WARNING * * *
Blink to where?
Press: ? - help, Dir - move target
As you read the scroll of blinking, it crumbles to dust.
A minotaur comes into view.
It is wielding the +4 spear of the Writhing Owl {holy, rElec rPois Int-3 Dex+2} and quivering silver javelins.
Found 27 stones.
Found a gate leading back out of this place.
The minotaur bellows!
The minotaur throws a silver javelin.
The silver javelin pierces through you!!
You die...

####.## ...#.≈## .#
##?#.≈≈# 8.# ###
.#.#.≈##...# ..#
#.©#.###.8.##. #.#
#.[#..##...... #.#
..?#...#.8.##.##.#
BZZ#.∩.#...##....#
####...#.©.##.##@#
.....8.#......##.'...∩≈#
####...#.©.##. #.#.#H≈≈#
s..#.∩.#...# ..#.# ≈#
#..#...#.8.# #.# #
#.s#..##..... #.#
#.©#.###.8.##. #.#
#.[#.≈##...# ..#
#.?#.≈≈#.8.#


You could see a minotaur.

Vanquished Creatures
  2 boulder beetles
  3 centaur warriors
  A two-headed ogre (D:11)
  A tengu warrior (D:8)
  Urug (D:11)
  The ghost of Lekart the Chopper, a novice DrGl of the Shining One (D:5)
  A shining eye (Gauntlet)
  2 deep elf pyromancers (D:12)
  A manticore (D:13)
  3 ugly things
  Maurice (D:9)
  A kobold demonologist (D:13)
  A komodo dragon (D:9)
  A troll (D:11)
  3 slime creatures (D:8)
  Sigmund (D:7)
  9 yaks
  2 wraiths (D:8)
  A wyvern (D:10)
  A wyvern (shapeshifter) (D:8)
  A neqoxec (Gauntlet)
  2 steam dragons
  3 vampire mosquitoes (D:12)
  3 chaos spawn (Gauntlet)
  Edmund (D:5)
  Menkaure (D:7)
  An acid dragon (D:9)
  2 water moccasins
  2 floating eyes (Gauntlet)
  6 orc warriors
  4 ogres
  8 centaurs
  A phantom (D:5)
  2 bullfrogs
  2 necrophages
  8 kobold brigands
  4 gnoll sergeants
  4 scorpions
  7 wights (D:7)
  11 killer bees
  4 hounds (D:5)
  2 jellies
  Crazy Yiuf (D:3)
  2 orc priests (D:10)
  Terence (D:3)
  4 iguanas
  9 orc wizards
  A troll simulacrum (D:11)
  A spriggan simulacrum (D:11)
  19 gnolls
  5 adders
  A shadow imp (D:6)
  A white imp (D:6)
  3 ufetubi
  A dart slug (D:1)
  30 orcs
  5 ball pythons
  7 endoplasms
  3 giant cockroaches
  5 goblins
  10 hobgoblins
  24 kobolds
  5 quokkas
  6 bats
  6 frilled lizards
  4 rats
270 creatures vanquished.

Vanquished Creatures (others)
  66 plants
66 creatures vanquished.

Grand Total: 336 creatures vanquished

Notes
Turn   | Place    | Note
-------+----------+-------------------------------------------
     0 | D:1      | KateP the Minotaur Fighter began the quest for the Orb.
     0 | D:1      | Reached XP level 1. HP: 19/19 MP: 0/0
   206 | D:1      | Reached XP level 2. HP: 18/27 MP: 1/1
  1282 | D:2      | Reached XP level 3. HP: 23/33 MP: 2/2
  2086 | D:3      | Found a runed translucent door.
  2087 | D:3      | Noticed Crazy Yiuf
  2224 | D:3      | Reached XP level 4. HP: 41/41 MP: 3/3
  2325 | D:3      | Noticed Terence
  2335 | D:3      | Killed Terence
  2416 | D:3      | Found a faded altar of an unknown god.
  2704 | D:3      | Reached XP level 5. HP: 36/47 MP: 4/4
  2898 | D:3      | Found a shimmering blue altar of Sif Muna.
  3225 | D:3      | Killed Crazy Yiuf
  3637 | D:4      | Identified the ring "Hereiv Heuw" {Int+3 Dex+8 Slay+4}
  3661 | D:4      | Found an ornate altar of the Wu Jian Council.
  3672 | D:4      | Reached skill level 5 in Fighting
  3673 | D:4      | Reached skill level 5 in Shields
  3701 | D:4      | Reached skill level 5 in Armour
  3953 | D:4      | Reached XP level 6. HP: 28/56 MP: 5/5
  4273 | D:5      | Entered Level 5 of the Dungeon
  4540 | D:5      | Found a glowing silver altar of Zin.
  4730 | D:5      | Reached skill level 5 in Axes
  4730 | D:5      | Reached XP level 7. HP: 58/62 MP: 6/6
  4805 | D:5      | Noticed Edmund
  4814 | D:5      | Killed Edmund
  5068 | D:5      | Found a broken altar of Ashenzari.
  5182 | D:5      | Found a shimmering altar of Xom.
  5299 | D:5      | Found a runed translucent gate.
  5300 | D:5      | Noticed Lekart's ghost (novice DrGl)
  5300 | D:5      | Found a runed translucent gate.
  5300 | D:5      | Found a runed translucent gate.
  5894 | D:6      | Reached XP level 8. HP: 69/71 MP: 7/7
  6225 | D:6      | Found the +12 pair of quick blades "Gyre" and "Gimble"
                  | {protect}
  6407 | D:6      | Found a staircase to the Ecumenical Temple.
  6473 | D:6      | Found a glowing drain.
  6539 | Temple   | Entered the Ecumenical Temple
  7623 | D:7      | Found a stormy altar of Qazlal.
  7655 | D:7      | Noticed Menkaure
  7662 | D:7      | Killed Menkaure
  7761 | D:7      | Reached XP level 9. HP: 52/76 MP: 8/8
  8392 | D:7      | Noticed Sigmund
  8412 | D:7      | Killed Sigmund
  8661 | D:7      | Gained mutation: You are resistant to electric shocks.
                  | (rElec) [potion of mutation]
  8661 | D:7      | Gained mutation: You passively dampen the noise of your
                  | surroundings. [potion of mutation]
  8661 | D:7      | Gained mutation: Your body sometimes deteriorates upon
                  | taking damage. [potion of mutation]
  8684 | D:7      | Found a sparkling altar of Nemelex Xobeh.
  8685 | D:7      | Found a bloodstained altar of Trog.
  8688 | D:7      | Found an ancient bone altar of Kikubaaqudgha.
  9465 | D:8      | Noticed a tengu warrior
  9477 | D:8      | Killed a tengu warrior
  9478 | D:8      | Reached XP level 10. HP: 59/91 MP: 9/9
  9608 | D:8      | Noticed a centaur warrior
  9608 | D:8      | Noticed a brown ugly thing
  9619 | D:8      | Killed a brown ugly thing
  9627 | D:8      | Killed a centaur warrior
 10119 | D:8      | Reached skill level 10 in Fighting
 10356 | D:8      | Reached skill level 10 in Armour
 10356 | D:8      | Reached skill level 10 in Shields
 10664 | D:9      | Found a burning altar of Makhleb.
 10907 | D:9      | Lost mutation: You are resistant to electric shocks.
                  | (rElec) [potion of mutation]
 10907 | D:9      | Lost mutation: You passively dampen the noise of your
                  | surroundings. [potion of mutation]
 10907 | D:9      | Lost mutation: Your body sometimes deteriorates upon taking
                  | damage. [potion of mutation]
 10907 | D:9      | Gained mutation: You are dopey. (Int -2) [potion of
                  | mutation]
 10907 | D:9      | Gained mutation: You have supernaturally acute eyesight.
                  | (SInv) [potion of mutation]
 10907 | D:9      | Gained mutation: You passively dampen the noise of your
                  | surroundings. [potion of mutation]
 11004 | D:9      | Found Lieca's Antique Armour Boutique.
 11017 | D:9      | Reached skill level 10 in Axes
 11084 | D:9      | Paralysed by a centaur for 4 turns
 11424 | D:9      | Found a staircase to the Lair.
 11638 | D:9      | Noticed Maurice
 11649 | D:9      | Killed Maurice
 12198 | D:5      | Killed Lekart's ghost
 12199 | D:5      | Reached XP level 11. HP: 101/101 MP: 10/10
 12649 | D:10     | Entered Level 10 of the Dungeon
 12671 | D:10     | Found an iron altar of Okawaru.
 12679 | D:10     | Became a worshipper of Warmaster Okawaru
 12749 | D:10     | Found a shadowy altar of Dithmenos.
 12805 | D:10     | Found a staircase to the Orcish Mines.
 13250 | D:10     | Reached * piety under Okawaru
 13443 | D:10     | Found a white marble altar of Elyvilon.
 14160 | D:11     | Noticed a two-headed ogre
 14163 | D:11     | Killed a two-headed ogre
 14258 | D:11     | Noticed a boulder beetle
 14275 | D:11     | Killed a boulder beetle
 14275 | D:11     | Reached ** piety under Okawaru
 14432 | D:11     | Lost mutation: You are dopey. (Int -2) [potion of mutation]
 14432 | D:11     | Lost mutation: You passively dampen the noise of your
                  | surroundings. [potion of mutation]
 14432 | D:11     | Lost mutation: You have supernaturally acute eyesight.
                  | (SInv) [potion of mutation]
 14432 | D:11     | Gained mutation: You are frail. (-10% HP) [potion of
                  | mutation]
 14432 | D:11     | Gained mutation: You are clumsy. (Dex -2) [potion of
                  | mutation]
 14432 | D:11     | Gained mutation: Your body sometimes deteriorates upon
                  | taking damage. [potion of mutation]
 14433 | D:11     | Lost mutation: Your body sometimes deteriorates upon taking
                  | damage. [potion of mutation]
 14433 | D:11     | Lost mutation: You are frail. (-10% HP) [potion of
                  | mutation]
 14433 | D:11     | Gained mutation: You have an increased reservoir of magic.
                  | (+10% MP) [potion of mutation]
 14433 | D:11     | Gained mutation: You tend to lose your temper in combat.
                  | [potion of mutation]
 14433 | D:11     | Gained mutation: Your muscles are strong. (Str +2) [potion
                  | of mutation]
 14939 | D:11     | Noticed Urug
 14952 | D:11     | Killed Urug
 15271 | D:12     | Noticed a boulder beetle
 15293 | D:12     | Killed a boulder beetle
 15583 | D:12     | Noticed a red ugly thing
 15592 | D:12     | Killed a red ugly thing
 15592 | D:12     | Reached *** piety under Okawaru
 15756 | D:12     | Noticed a deep elf pyromancer
 15762 | D:12     | Killed a deep elf pyromancer
 15773 | D:12     | Noticed a white ugly thing
 15777 | D:12     | Killed a white ugly thing
 15994 | D:12     | Noticed a deep elf pyromancer
 16002 | D:12     | Killed a deep elf pyromancer
 16230 | D:13     | Found a gate leading to a gauntlet.
 16236 | D:13     | Reached XP level 12. HP: 97/112 MP: 12/12
 16239 | D:13     | Noticed a centaur warrior
 16249 | D:13     | Killed a centaur warrior
 16253 | D:13     | Reached **** piety under Okawaru
 16414 | D:13     | Noticed a centaur warrior
 16428 | D:13     | Killed a centaur warrior
 16490 | Gauntlet | Entered a Gauntlet
 16490 | Gauntlet | Found a transporter.
 16490 | Gauntlet | Found a transporter.
 16561 | Gauntlet | Found a transporter.
 16565 | Gauntlet | Found a transporter.
 16573 | Gauntlet | Found a transporter.
 16577 | Gauntlet | Found a transporter.
 16579 | Gauntlet | Noticed a death scarab
 16583 | Gauntlet | Noticed a death scarab
 16585 | Gauntlet | Found a transporter.
 16598 | Gauntlet | Noticed an entropy weaver
 16602 | Gauntlet | Found a transporter.
 16617 | Gauntlet | Found a transporter.
 16621 | Gauntlet | Found a transporter.
 16632 | Gauntlet | Found a transporter.
 16633 | Gauntlet | Found a transporter.
 16700 | Gauntlet | Identified the +0 pair of boots "Gagies" {Slay+2}
 16763 | Gauntlet | Gained mutation: You are frail. (-10% HP) [a shining eye]
 16765 | Gauntlet | Gained mutation: You are dopey. (Int -2) [a shining eye]
 16805 | Gauntlet | Lost mutation: You tend to lose your temper in combat.
                  | [potion of mutation]
 16805 | Gauntlet | Lost mutation: Your muscles are strong. (Str +2) [potion of
                  | mutation]
 16805 | Gauntlet | Gained mutation: Your flesh is cold resistant. (rC+)
                  | [potion of mutation]
 16805 | Gauntlet | Lost mutation: You are dopey. (Int -2) [potion of mutation]
 16834 | Gauntlet | Identified the amulet of Fojo {Reflect rF++ Regen+ SH+5}
 16840 | Gauntlet | Identified the +4 spear of the Writhing Owl {holy, rElec
                  | rPois Int-3 Dex+2}
 16840 | Gauntlet | Noticed a minotaur
 16840 | Gauntlet | Hit by a silver javelin thrown by a minotaur

Illustrated notes

Levels and vault maps discovered:
D:1:      heliophobic_arrival_battle_scene, layout_basic, minmay_quantized
D:2:      layout_basic
D:3:      wad_woods_settlement, layout_basic, led_sif_book, serial_rivers,
          chequers_serial_rivers_micro_c, chequers_serial_rivers_micro_d,
          chequers_serial_rivers_marsh, chequers_serial_rivers_room_a,
          chequers_serial_rivers_micro_a, chequers_serial_rivers_large_a,
          nicolae_ecumenical_oubliette, uniq_crazy_yiuf_cottage, uniq_terence
D:4:      layout_loops_ring, amcnicky_altar_gilded
D:5:      layout_rooms, lemuel_tele_altar, zin_treasury,
          mainiacjoe_overflow_six_doors_small, gammafunk_ghost_nasty_kobolds,
          serial_bayou, serial_bayou_pond_e, serial_bayou_shore_a,
          serial_bayou_pond_b, serial_bayou_pond_a, columned_hall_lemuel,
          uniq_edmund
D:6:      layout_basic, minmay_temple_entry_enclosed_plants,
          portal_sewer_entry_d
D:7:      layout_loops_ring, grunt_qazlal_sundering, minitemple, sigmund_army,
          uniq_menkaure
D:8:      minmay_curly_fans, layout_basic, chequers_mini_garden
D:9:      layout_basic, mainiacjoe_overflow_surrounded_room,
          david_lair_shrubbed, serial_shops, nicolae_shop_advertising_works
          [nicolae_subvault_shop_adworks], uniq_maurice
D:10:     layout_irregular_city, mainiacjoe_overflow_catwalk,
          nicolae_elyvilon_peaceful_grove, nicolae_dithmenos_the_darkroom,
          kennysheep_orc_monster_closet_entryway, enter_bailey_8
D:11:     layout_basic, portal_ice_cave_entry_ice_simulacra, uniq_urug
D:12:     layout_irregular_city
D:13:     layout_stronghold, gauntlet_entry_generic, biasface_ghost_orc_armoury,
          minmay_shop_mass, lemuel_flamethrower_2, uniq_josephine
Temple:   compressed_dpeg_triangle_lava_temple
Gauntlet: minmay_gauntlet_77_indecision
          [minmay_gauntlet_arena_77_radiant_squares,
          minmay_gauntlet_arena_77_broken_ladder,
          minmay_gauntlet_arena_77_two_lines, minmay_gauntlet_arena_77_mirror,
          minmay_gauntlet_arena_77_hold_the_fort,
          minmay_gauntlet_arena_77_chump_sandwich, gauntlet_exit_watery]

Skill      XL: |  1  2  3  4  5  6  7  8  9 10 11 |
---------------+----------------------------------+-----
Fighting       | 4 5 6 8 9 10 12 | 12.7
Shields        | 4 5 6 7 9 10 12 | 12.7
Armour         | 4 5 6 7 9 10 12 | 12.7
Axes           | 3 4 5 6 7 9 10 12 | 12.4

Action                   |  1- 3 |  4- 6 |  7- 9 | 10-12 || total
-------------------------+-------+-------+-------+-------++-------
Melee: War axe           |    87 |    98 |   122 |       ||   307
       Headbutt          |     8 |    12 |    25 |    96 ||   141
       Hand axe          |       |       |    56 |   350 ||   406
  Use: Potion            |       |       |     6 |    14 ||    20
       Scroll            |       |       |    16 |     5 ||    21
 Stab: Invisible         |       |       |       |     5 ||     5
Armor: Scale mail        |    43 |    28 |    50 |    85 ||   206
       Plate armour      |       |       |       |    91 ||    91
Dodge: Dodged            |    51 |    44 |    75 |    78 ||   248
Block: Buckler           |    19 |    17 |    52 |       ||    88
       Kite shield       |       |       |       |   234 ||   234
       Tower shield      |       |       |       |    32 ||    32

Table legend: (Time is in decaauts)
 A = Elapsed time spent in this place.
 B = Non-inter-level travel time spent in this place.
 C = Inter-level travel time spent in this place.
 D = Time resting spent in this place.
 E = Time spent auto-exploring this place.
 F = Levels seen in this place.
 G = Mean time per level.
                   A        B        C        D        E       F      G
               +--------+--------+--------+--------+--------+-----+--------+
         Total |  16925 |  16595 |    330 |   1755 |  12177 |  15 | 1128.3 |
       Dungeon |  16297 |  15967 |    330 |   1755 |  11796 |  13 | 1253.6 |
        Temple |    284 |    284 |      0 |      0 |    223 |   1 |  284.0 |
      Gauntlet |    343 |    343 |      0 |      0 |    158 |   1 |  343.0 |
               +--------+--------+--------+--------+--------+-----+--------+

Top non-repeatable levels by time:
     D:5: 1777 daAuts
     D:3: 1774 daAuts
     D:8: 1740 daAuts
     D:9: 1725 daAuts
    D:11: 1621 daAuts
     D:7: 1490 daAuts
     D:6: 1308 daAuts
     D:1: 988 daAuts
    D:10: 980 daAuts
    D:12: 957 daAuts
     D:4: 943 daAuts
     D:2: 734 daAuts
Gauntlet: 343 daAuts
  Temple: 284 daAuts
    D:13: 255 daAuts
